 Dungeon Crawl Stone Soup version 0.15.1-3-g1b33baa (webtiles) character file.

271 Kex the Skirmisher (level 6, 49/49 HPs)
             Began as a Demonspawn Abyssal Knight on Oct 4, 2014.
             Was a Believer of Lugonu.
             Got out of the dungeon alive.
             The game lasted 00:11:21 (3883 turns).

Kex the Skirmisher (Demonspawn Abyssal Knight)      Turns: 3883, Time: 00:11:22

HP  49/49        AC  6     Str 12      XL: 6   Next:  2%
MP   9/9         EV  9     Int 17      God: Lugonu [**....]
Gold 115         SH  0     Dex 14      Spells:  0 memorised,  5 levels left

rFire  + . .     SeeInvis .     m - +0 war axe (drain)
rCold  . . .     Clarity  .     n - +1 ring mail {rF+}
rNeg   . . .     rCorr    .     (no shield)
rPois  .         rRot     +     (helmet restricted)
rElec  .         Spirit   .     (no cloak)
SustAb .         Warding  .     (no gloves)
rMut   .         Stasis   .     (no boots)
Gourm  .                        (no amulet)
MR     .....                    (no ring)
                                a - +3 ring of intelligence

@: not resistant to hostile enchantments, very unstealthy
A: antennae 1, foul stench 1, rot immunity
a: Depart the Abyss, Bend Space, Renounce Religion


You escaped.
You worshipped Lugonu.
Lugonu was pleased with you.
You were hungry.

You visited 1 branch of the dungeon, and saw 3 of its levels.
You visited the Abyss 1 time.

You collected 115 gold pieces.

Inventory:

Hand weapons
 m - a +0 war axe of draining (weapon)
Armour
 n - a +1 ring mail of fire resistance (worn)
Comestibles
 c - 3 bread rations
 h - 3 meat rations
 j - 3 fruits
Scrolls
 b - a scroll of fog {unknown}
 f - 2 scrolls of teleportation
 i - 3 scrolls of remove curse
 l - a scroll of magic mapping {unknown}
Jewellery
 a - a +3 ring of intelligence (left hand)
Potions
 e - a potion of invisibility
 g - a potion of agility
 k - a potion of curing
 o - 2 potions of poison {unknown}


   Skills:
 + Level 4.5 Fighting
   Level 2.0 Long Blades
 + Level 1.2 Axes
 + Level 3.2 Armour
 + Level 2.5 Dodging
 + Level 0.4 Stealth
 + Level 3.0 Invocations


You had 5 spell levels left.
You didn't know any spells.

Dungeon Overview and Level Annotations

Branches:
Dungeon (3/15)

Altars:


Innate Abilities, Weirdness & Mutations

You have a pair of small antennae on your head.
You emit a foul stench.
You are immune to rotting.


Message History

3 arrows; a stone You see here a mace.
All of the chunks of flesh in your inventory have rotted away.
You see here a stone.
You see here a stone.
You see here a robe.
There is a stone staircase leading up here.
You climb upwards.
There is a stone staircase leading down here.
You see here a stone.
You see here a stone.
You see here a stone.
There is a stone staircase leading up here.
You climb upwards.
There is a stone staircase leading down here.
There is a staircase leading out of the dungeon here.
Are you sure you want to leave the Dungeon?
This will make you lose the game! [Y]es or [N]o only, please.
Are you sure you want to leave the Dungeon?
This will make you lose the game!
You have escaped!

###############
#......@......#
#.8.#######.8.#
#.............#
#.#####.#####.#
#.#≈≈≈#.#;≈≈#.#
#.#≈≈≈#.#≈≈≈#.# #####
#.#≈≈≈#.#≈≈;#.#
....######.#####.#####.#
....'....#.............#


There were no monsters in sight!

Vanquished Creatures
  A centaur (D:3)
  A vampire bat (D:3)
  Ijyb (D:2)
  9 adders
  2 giant geckos (D:3)
  2 orcs (D:3)
  16 bats
  A giant cockroach (D:2)
  3 goblins (D:3)
  4 hobgoblins
  3 jackals (D:3)
  A quokka (D:2)
  A ball python (D:2)
  6 giant newts
  4 kobolds
  4 rats
59 creatures vanquished.

Notes
Turn   | Place    | Note
--------------------------------------------------------------
     0 | Abyss:1  | Kex, the Demonspawn Abyssal Knight, began the quest for the Orb.
     0 | Abyss:1  | Reached XP level 1. HP: 18/18 MP: 1/1
    40 | Abyss:1  | Noticed a raiju
    41 | D:1      | Escaped the Abyss
    45 | D:1      | Noticed an electric eel
    45 | D:1      | Noticed an electric eel
   181 | D:1      | Acquired Lugonu's first power
   601 | D:1      | Gained mutation: You are immune to rotting. [demonic ancestry]
   601 | D:1      | Reached XP level 2. HP: 8/24 MP: 2/2
   886 | D:2      | Noticed Ijyb
   904 | D:2      | Killed Ijyb
   904 | D:2      | Reached skill level 1 in Dodging
  1261 | D:2      | Reached XP level 3. HP: 26/29 MP: 4/4
  2103 | D:2      | Gained mutation: You have a pair of small antennae on your head. [demonic ancestry]
  2103 | D:2      | Reached XP level 4. HP: 24/37 MP: 6/6
  2515 | D:2      | Reached skill level 4 in Fighting
  2904 | D:3      | Reached XP level 5. HP: 34/42 MP: 8/8
  2912 | D:3      | Noticed a centaur
  3110 | D:3      | Killed a centaur
  3110 | D:3      | Reached skill level 1 in Axes
  3127 | D:2      | Acquired Lugonu's second power
  3587 | D:3      | Gained mutation: You emit a foul stench. [demonic ancestry]
  3587 | D:3      | Reached XP level 6. HP: 33/49 MP: 9/9
  3883 | D:$      | Got out of the dungeon alive.

Action                   |  1- 3 |  4- 6 || total
-------------------------+-------+-------++-------
Melee: Falchion          |    46 |       ||    46
       War axe           |    40 |   105 ||   145
Invok: Depart the Abyss  |     1 |       ||     1
  Use: Scroll            |       |     5 ||     5
  Eat: Chunk             |     4 |     5 ||     9
